 Dungeon Crawl Stone Soup version 0.30-a0-509-gd016549fea (webtiles) character file.

Game seed: 9390363371160799827

2122956 ragingrage the Sabretooth (level 24, 133/133 HPs)
             Began as a Felid Berserker on Dec 22, 2022.
             Was a High Priest of Trog.
             Escaped with the Orb
             ... and 4 runes on Dec 23, 2022!
             The game lasted 02:26:06 (76863 turns).

ragingrage the Sabretooth (Felid Berserker)        Turns: 76863, Time: 02:26:07

Health: 133/133    AC:  3    Str: 12      XL:     24   Next: 74%
Magic:  33/33      EV: 38    Int: 13 (14) God:    Trog [*****.]
Gold:   6604       SH:  0    Dex: 17 (19) Spells: 23/23 levels left
                                        Lives:  1   Deaths: 5

rFire   + + +      SeeInvis +      - Unarmed
rCold   + . .      Faith    .    (shield unavailable)
rNeg    + . .      Spirit   +    (body armour unavailable)
rPois   .          Reflect  .    (helmet unavailable)
rElec   +          Harm     .    (cloak unavailable)
rCorr   +          Rampage  .    (gloves unavailable)
Will    ++++.                    (boots unavailable)
Stlth   ++++......               e - amulet "Tifuan" {Spirit Regen+ MP+9}
HPRegen 1.22/turn                R - ring "Idius" {Wiz rElec Str+2}
MPRegen 0.23/turn                z - ring "Resat" {rF+++ rN+ rCorr Str-5 Int+3}

@: studying Necromancy, quick
A: very small, claws 1, fangs 3, see invisible, speed 1, shaggy fur 3, stealthy
paws, no weapons or thrown items, no armour, multi-lived, clumsy 1,
deterioration 1, fire resistance 1, strong-willed 1, weak 1, inability to drink
after injury 1, MP-powered wands
0: Orb of Zot
}: 4/15 runes: barnacled, slimy, silver, gossamer
a: Renounce Religion, Berserk, Trog's Hand, Brothers in Arms


You escaped.
You worshipped Trog.
Trog was extremely pleased with you.
You visited 10 branches of the dungeon, and saw 52 of its levels.
You also visited: Ice Cave, Volcano and Wizlab.

You collected 8535 gold pieces.
You spent 1931 gold pieces at shops.

Inventory:

Jewellery
 e - the amulet "Tifuan" (around neck) {Spirit Regen+ MP+9}
   (You acquired it on level 11 of the Dungeon)

   [amulet of guardian spirit]

   It causes incoming damage to be divided between your reserves of health and
   magic.
   MP:        It affects your magic capacity (+9).
   Regen:     It increases your rate of health regeneration.
 l - a +4 ring of protection
 z - the ring "Resat" (right paw) {rF+++ rN+ rCorr Str-5 Int+3}
   (You found it on level 4 of the Vaults)

   [ring of positive energy]

   Str:       It affects your strength (-5).
   Int:       It affects your intelligence (+3).
   rF:        It renders you almost immune to fire.
   rN:        It protects you from negative energy.
   rCorr:     It protects you from acid and corrosion.
 D - a ring of flight
 M - the ring "Ziargh" {rC+ Int+4 Dex+2}
   (You found it on level 5 of the Pits of Slime)

   [ring of protection from cold]

   Int:       It affects your intelligence (+4).
   Dex:       It affects your dexterity (+2).
   rC:        It protects you from cold.
 R - the ring "Idius" (left paw) {Wiz rElec Str+2}
   (You found it on level 5 of the Pits of Slime)

   [ring of wizardry]

   It improves your spell success rate.
   Str:       It affects your strength (+2).
   rElec:     It insulates you from electricity.
 S - a ring of poison resistance
Wands
 r - a wand of roots (18)
 u - a wand of acid (18)
 y - a wand of paralysis (32)
 E - a wand of flame (52) (quivered)
 F - a wand of digging (18)
 J - a wand of polymorph (10)
 Z - a wand of mindburst (24)
Scrolls
 a - 9 scrolls of immolation
 d - 9 scrolls of magic mapping
 j - 18 scrolls of teleportation
 k - 2 scrolls of blinking
 o - 9 scrolls of fog
 p - 7 scrolls of fear
 t - 11 scrolls of poison
 A - a scroll of torment
 B - 14 scrolls of vulnerability
 K - 2 scrolls of butterflies
 U - 4 scrolls of silence
Potions
 b - 21 potions of curing
 c - 4 potions of flight
 f - 8 potions of lignification
 g - 7 potions of magic
 h - 5 potions of cancellation
 m - 8 potions of haste
 q - 8 potions of heal wounds
 s - 12 potions of might
 w - 2 potions of resistance
 x - 4 potions of mutation
 G - 10 potions of attraction
 H - 3 potions of berserk rage
 L - 16 potions of ambrosia
 P - 4 potions of invisibility
Miscellaneous
 n - a piece from Xom's chessboard (15/15)
 v - a lightning rod (4/4)
 C - a phial of floods
 I - a condenser vane
 O - a box of beasts
 T - a phantom mirror
 W - a tin of tremorstones (2/2)


   Skills:
 + Level 25.8 Fighting
 O Level 27 Dodging
 O Level 27 Stealth
 O Level 27 Unarmed Combat
 + Level 19.2 Evocations


You had 23 spell levels left.
You didn't know any spells.
Your spell library was empty.

Dungeon Overview and Level Annotations

Branches:
Dungeon (15/15)            Temple (0/1) D:5            Lair (5/5) D:11
 Shoals (4/4) Lair:2       Spider (4/4) Lair:2        Slime (5/5) Lair:5
    Orc (2/2) D:12            Elf (3/3) Orc:2        Vaults (5/5) D:13
  Crypt (0/3) Vaults:2     Depths (4/4) D:15            Zot (5/5) Depths:4
  IceCv (visited)         Volcano (visited)          WizLab (visited)

Altars:
Dithmenos
Elyvilon
Okawaru
Qazlal
Ru
Sif Muna
Trog
Uskayaw
Vehumet
Wu Jian
Xom
Zin
Jiyva

Shops:
D:3 [   D:5 *   D:11 ?   Orc:2 **([=   Elf:2 (   Shoals:2 (   Vaults:4 !([(
Vaults:5 =

Portals:
Hell: Depths:1 Depths:2 Depths:3 Depths:4
Abyss: Depths:1 Depths:2 Depths:3 Depths:4
Pandemonium: Depths:2 Depths:3
Ziggurat: Depths:2
Trove: D:10 (give 7 scrolls of blinking)

Annotations:
D:5 exclusion: downstairs
D:15 3 runed translucent doors, Yvvazola's ghost, journeyman GrWn
Elf:2 3 runed translucent doors
Depths:1 1 runed translucent door, logorrheac's ghost, journeyman MiBe
Depths:3 2 exclusions
Zot:4 2 transporters


Innate Abilities, Weirdness & Mutations

You have sharp claws.
You have razor-sharp teeth.
You have supernaturally acute eyesight. (SInv)
You cover ground quickly. (Speed+)
Your thick and shaggy fur keeps you warm. (AC +3, rC+)
Your paws help you pounce on unaware monsters.
You are incapable of wielding weapons or throwing items.
You cannot wear armour.
You gain extra lives every three experience levels.
You are clumsy. (Dex -2)
Your body sometimes deteriorates upon taking damage.
Your flesh is heat resistant. (rF+)
You are strong-willed. (Will+)
You are weak. (Str -2)
You occasionally lose the ability to drink potions when taking damage.
You expend magic power (3 MP) to strengthen your wands.


Message History

You climb upwards.
There is a stone staircase leading down here.
There is an open door here.
There is a stone staircase leading up here.
You climb upwards.
There is a stone staircase leading down here.
Things that are here:
a +0 robe; a +0 dagger You see here Ozocubu's Autobiography.
There is a stone staircase leading up here.
You climb upwards.
There is a stone staircase leading down here.
There is an escape hatch in the ceiling here.
A mysterious force pulls you upwards. The hatch slams shut behind you.
Things that are here:
a +0 scale mail; a +0 flail
There is a stone staircase leading up here.
You climb upwards.
There is a stone staircase leading down here.
There is a stone staircase leading up here.
You climb upwards.
Level annotation: exclusion: downstairs
There is a stone staircase leading down here.
Items here: )) [[.
There is a stone staircase leading up here.
You climb upwards.
There is a stone staircase leading down here.
You see here a +0 giant club.
There is a stone staircase leading up here.
You climb upwards.
There is a stone staircase leading down here.
You see here a +0 mace.
There is a stone staircase leading up here.
You climb upwards.
There is a stone staircase leading down here.
There is a stone staircase leading up here.
You climb upwards.
There is a stone staircase leading down here.
There is a staircase leading out of the dungeon here.
You have escaped!

# ### # #.########
####........#
............#
####.###################
.....# #...P..@~.~~..#
####.# ##....P....P~~.#
.....# ##~#..~.P.~.....#
####.# #~.#~.......P.P.#
.....# #.~~..P....~..~.#
.....# ##~~~..........##
...#.# #~~~....PP......#
##.#.# #≈~.P.....~P~.P.#
...#.# ##~~~.~....~~..##


There were no monsters in sight!

Vanquished Creatures
  the Royal Jelly (Slime:5)
  3 ancient liches
  2 dread liches (Vaults:5)
  8 orbs of fire (Zot:5)
  Bai Suzhen (Shoals:3)
  A curse toe (Zot:2)
  Saint Roka (Depths:1)
  2 Killer Klowns (Zot:5)
  10 golden dragons
  3 electric golems
  14 tentacled monstrosities
  2 liches
  23 Orb Guardians
  6 titans
  A deep elf master archer (Elf:3)
  4 quicksilver dragons
  2 deep elf blademasters (Elf:3)
  A walking divine tome (Depths:4)
  4 krakens
  Polyphemus (Shoals:4)
  6 death cobs
  Gastronok (D:10)
  15 acid blobs
  2 tentacled starspawn (WizLab)
  Kirke (Lair:5)
  An Executioner (D:14)
  8 sphinxes
  7 shadow dragons
  A revenant (Vaults:2)
  Donald (Spider:2)
  6 tengu reavers
  3 draconian monks
  9 storm dragons
  6 azure jellies
  7 rockslimes
  18 fire giants
  15 frost giants
  6 deep elf sorcerers
  2 iron dragons (Depths:3)
  A cacodemon (Depths:4)
  4 draconian shifters
  3 draconian knights
  3 emperor scorpions
  3 deep elf elementalists (Elf:3)
  5 ghost moths
  15 vault wardens
  Louise (Depths:4)
  4 quicksilver oozes
  A draconian scorcher (Zot:3)
  4 orc warlords
  13 ironbound preservers
  3 demonspawn corrupters (WizLab)
  5 draconian stormcallers
  25 very ugly things
  3 draconian annihilators
  2 spriggan defenders
  22 stone giants
  3 broodmothers
  4 war gargoyles
  A caustic shrike skeleton (Depths:1)
  6 ironbound thunderhulks
  A vampire knight (Vaults:4)
  4 deep elf demonologists
  15 green draconians
  4 white draconians
  11 deep elf annihilators
  2 lorocyprocas
  10 black draconians
  12 purple draconians
  5 red draconians
  3 dire elephants (Vaults:1)
  9 yellow draconians
  8 spark wasps
  8 merfolk javelineers
  7 deep elf death magi
  6 merfolk impalers
  6 entropy weavers
  9 fire dragons
  14 yaktaur captains
  13 ettins
  Josephine (Lair:2)
  Fannar (Lair:3)
  3 hydras
  6 deep elf high priests
  11 great orbs of eyes
  2 peacekeepers
  3 catoblepae
  34 vault guards
  11 ice dragons
  3 ogre magi
  3 rakshasas
  5 spriggan air magi
  6 boulder beetles
  2 jorogumos (Spider:4)
  A merfolk avatar (Shoals:4)
  4 merfolk aquamancers
  10 centaur warriors
  8 two-headed ogres
  14 dancing weapons
  8 ironbound frosthearts
  10 death yaks
  8 deep troll shamans
  2 satyrs
  8 tengu warriors
  Erica (D:10)
  2 storm dragon zombies (Depths:1)
  5 orc high priests (Orc:2)
  11 deep troll earth magi
  8 hell knights
  Urug (D:13)
  9 sun demons
  3 spriggan berserkers (Depths:1)
  16 deep elf knights
  2 sun moths
  4 pharaoh ants
  A shadow wraith (Vaults:5)
  A golden dragon zombie (Depths:1)
  4 skeletal warriors
  4 iron trolls (Depths:3)
  The ghost of dornbeast the Cutter, a novice DrRe of Uskayaw (D:8)
  A salamander mystic (Depths:3)
  6 steelbarb worms
  2 spriggan druids (WizLab)
  44 deep trolls
  17 sea snakes
  2 flayed ghosts
  A death drake (shapeshifter) (Vaults:5)
  15 wizards
  6 orb spiders
  23 harpies
  11 deep elf archers
  6 glowing orange brains
  14 ironbound convokers
  Pikel (D:6)
  13 orc knights
  30 deep elf zephyrmancers
  4 phantasmal warriors
  7 necromancers
  2 lindwurms (Vaults:2)
  19 wolf spiders
  28 deep elf pyromancers
  57 ugly things
  A wolf spider (shapeshifter) (D:15)
  9 fauns
  3 orc sorcerers
  A salamander (Depths:3)
  7 shining eyes
  3 worldbinders (WizLab)
  6 cyclopes
  18 manticores
  19 moths of wrath
  3 rust devils (Depths:2)
  10 elephants
  2 eyes of devastation
  An ice statue (IceCv)
  6 merfolk sirens
  The ghost of xzight the Chopper, a novice HOFi (D:7)
  26 vault sentinels
  A gargoyle (D:13)
  A black mamba (Lair:4)
  2 molten gargoyles (Volcano)
  4 torpor snails
  A torpor snail (shapeshifter) (Vaults:3)
  A smoke demon (D:14)
  5 water nymphs
  An unseen horror (D:11)
  2 orange demons
  9 cane toads
  Maggie (D:6)
  5 kobold demonologists
  8 rime drakes
  28 yaktaurs
  4 hellions
  2 rime drakes (shapeshifter) (D:14)
  2 demonic crawlers
  2 efreet
  8 komodo dragons
  A komodo dragon (shapeshifter) (Vaults:3)
  4 freezing wraiths
  3 tengu conjurers
  5 red devils
  A queen bee (D:14)
  12 trolls
  A yaktaur skeleton (Vaults:2)
  7 meliai
  11 hornets
  20 tarantellas
  15 wind drakes
  18 polar bears
  22 merfolk
  2 merfolk (shapeshifter)
  18 blink frogs
  74 slime creatures
  13 snapping turtles
  5 dream sheep
  A spriggan zombie (Depths:1)
  An elf zombie (Vaults:2)
  A stone giant simulacrum (Vaults:2)
  Sigmund (D:6)
  3 shadows (D:12)
  A flying skull (Vaults:2)
  A centaur simulacrum (D:14)
  32 jumping spiders
  14 culicivoras
  11 water elementals
  21 spriggans
  2 air elementals
  6 wyverns
  2 hogs (Lair:4)
  6 wraiths
  76 yaks
  6 steam dragons
  2 redbacks (shapeshifter)
  A fire bat (Volcano)
  Eustachio (D:4)
  3 fire elementals
  6 golden eyes
  53 redbacks
  5 basilisks
  9 vampire mosquitoes
  A glowing shapeshifter zombie (Depths:1)
  4 wargs
  A swamp worm (shapeshifter) (Vaults:5)
  A floating eye (Depths:3)
  2 hell hounds (Volcano)
  39 orc warriors
  9 water moccasins
  11 ice beasts
  5 black bears
  14 centaurs
  12 ogres
  11 boggarts
  62 wolves
  A lemure (D:5)
  A centaur (shapeshifter) (D:15)
  An elf simulacrum (Vaults:2)
  4 kobold brigands
  Blork the orc (Orc:1)
  2 phantoms
  12 bullfrogs
  A glowing shapeshifter simulacrum (Vaults:2)
  A necrophage (D:5)
  3 earth elementals
  5 scorpions
  2 human skeletons (Vaults:2)
  6 wights
  2 troll zombies (D:12)
  18 killer bees
  An electric eel (Lair:5)
  7 howler monkeys
  8 lava snakes
  9 orc priests
  3 jellies
  3 hounds
  Natasha (thrice) (D:3)
  9 iguanas
  20 orc wizards
  4 ogre zombies (D:12)
  11 adders
  A shadow imp (D:7)
  2 white imps
  3 ufetubi
  A worm (D:5)
  A dart slug (D:3)
  81 orcs
  3 ball pythons
  6 endoplasms
  2 giant cockroaches
  6 goblins (D:1)
  8 hobgoblins
  6 jackals
  17 kobolds
  9 quokkas
  3 training dummies (Shoals:2)
  3 bats
  2 frilled lizards (D:1)
  2 goblin skeletons (D:12)
  4 goblin zombies (D:12)
  3 hobgoblin zombies (D:12)
  3 orc skeletons (D:12)
  13 orc zombies (D:12)
  5 rats
  3 tentacles (Shoals:4)
2226 creatures vanquished.

Vanquished Creatures (collateral kills)
  An orb of fire (Zot:4)
  An ancient lich (Zot:5)
  A juggernaut (Depths:3)
  A golden dragon (Depths:3)
  Rupert (Spider:2)
  3 tentacled monstrosities
  2 Orb Guardians (Zot:5)
  A deep elf master archer (Elf:3)
  An acid blob (Slime:5)
  A quicksilver dragon (Zot:5)
  A death cob (Zot:5)
  3 shadow dragons
  2 tengu reavers (Vaults:5)
  An azure jelly (Slime:5)
  2 rockslimes (Slime:5)
  An emperor scorpion (Spider:4)
  A deep elf sorcerer (WizLab)
  A vault warden (Vaults:5)
  A draconian shifter (Zot:1)
  An ironbound preserver (Vaults:5)
  A draconian stormcaller (Zot:5)
  6 very ugly things
  A demonspawn corrupter (WizLab)
  A broodmother (Spider:4)
  4 stone giants
  A deep elf demonologist (Elf:3)
  A spark wasp (Spider:4)
  3 deep elf death magi (Elf:3)
  A deep elf high priest (Elf:3)
  A rakshasa (Depths:3)
  4 vault guards (Vaults:5)
  An anaconda (WizLab)
  2 death yaks (Lair:5)
  A spriggan berserker (Depths:3)
  2 deep elf knights (Elf:3)
  An orb spider (Spider:1)
  An ironbound convoker (Vaults:5)
  A wizard (Vaults:3)
  A necromancer (Depths:2)
  A wolf spider (Spider:4)
  4 ugly things
  2 moths of wrath
  2 salamanders (Depths:3)
  An elephant (Lair:5)
  A worldbinder (WizLab)
  A smoke demon (Volcano)
  2 cane toads
  A polar bear (Lair:3)
  A tarantella (Spider:1)
  2 hornets (Depths:3)
  9 blink frogs
  A slime creature (Slime:1)
  2 spriggans (Depths:3)
  2 jumping spiders (Spider:4)
  A water elemental (Elf:3)
  A redback (Spider:2)
  A swamp worm (shapeshifter) (WizLab)
  A warg (Orc:1)
  A water moccasin (Lair:1)
  A hell hound (Volcano)
  5 orc warriors
  An ogre (Orc:1)
  A gnoll sergeant (Orc:1)
  An orc wizard (Orc:1)
  An orc (Orc:1)
108 creatures vanquished.

Vanquished Creatures (others)
  A walking crystal tome (Depths:2)
  A draconian scorcher (Zot:3)
  A spriggan air mage (Depths:2)
  A two-headed ogre (D:12)
  2 deep elf knights
  A glowing orange brain (Depths:2)
  A merfolk (Shoals:3)
  A polar bear (IceCv)
  A jumping spider (Spider:2)
  A water elemental (D:14)
  A human (Lair:5)
  A black bear (Lair:5)
  2 bushes (Lair:5)
  52 fungi
  141 plants
  3 starspawn tentacles (WizLab)
  10 tentacles (Shoals:4)
221 creatures vanquished.

Grand Total: 2555 creatures vanquished

Notes
Turn   | Place    | Note
-------+----------+-------------------------------------------
     0 | D:1      | ragingrage the Felid Berserker began the quest for the Orb.
     0 | D:1      | Reached XP level 1. HP: 10/10 MP: 2/2
   143 | D:1      | Reached XP level 2. HP: 8/14 MP: 3/3
   438 | D:1      | Reached skill level 1 in Stealth
   936 | D:2      | Reached XP level 3. HP: 13/17 MP: 4/4
  1447 | D:2      | Found a shadowy altar of Dithmenos.
  1771 | D:3      | Noticed Natasha
  1781 | D:3      | Killed Natasha
  1782 | D:3      | Reached XP level 4. HP: 13/21 MP: 5/5
  1857 | D:3      | Found Javetuh's Armour Shop.
  1926 | D:3      | Noticed Natasha
  1932 | D:3      | Killed Natasha
  1990 | D:3      | Reached ** piety under Trog
  2024 | D:3      | Noticed Natasha
  2030 | D:3      | Killed Natasha
  2031 | D:3      | Reached XP level 5. HP: 24/24 MP: 6/6
  2335 | D:3      | Reached skill level 5 in Unarmed Combat
  2466 | D:4      | Reached skill level 5 in Dodging
  2508 | D:3      | Gained mutation: You have a pair of small horns on your
                  | head. [potion of mutation]
  2508 | D:3      | Gained mutation: Your spells are a little easier to cast,
                  | but a little less powerful. [potion of mutation]
  2508 | D:3      | Gained mutation: You are strong-willed. (Will+) [potion of
                  | mutation]
  2677 | D:4      | Noticed an ogre
  2682 | D:4      | Killed an ogre
  2683 | D:4      | Gained mutation: You are covered in thick fur. (AC +2)
                  | [Felid growth]
  2683 | D:4      | Reached XP level 6. HP: 28/28 MP: 7/7
  2915 | D:4      | Found an ornate altar of the Wu Jian Council.
  2915 | D:4      | Found a white marble altar of Elyvilon.
  2916 | D:4      | Found a bloodstained altar of Trog.
  2918 | D:4      | Found a shimmering blue altar of Sif Muna.
  3653 | D:4      | Noticed Eustachio
  3662 | D:4      | Killed Eustachio
  3663 | D:4      | Reached skill level 5 in Stealth
  3663 | D:4      | Reached XP level 7. HP: 31/31 MP: 8/8
  3764 | D:5      | Entered Level 5 of the Dungeon
  3948 | D:5      | Found a staircase to the Ecumenical Temple.
  4090 | D:5      | Found Zin's Purification Station.
  4096 | D:5      | Found a glowing silver altar of Zin.
  4148 | D:5      | Reached XP level 8. HP: 32/34 MP: 9/9
  4158 | D:5      | Identified the +3 robe "Fuaraipney" {Rampage rF+ SInv}
  4530 | D:6      | Noticed Maggie
  4536 | D:5      | Reached *** piety under Trog
  4549 | D:6      | Noticed Pikel
  4552 | D:6      | Killed Maggie
  4619 | D:6      | Killed Pikel
  4620 | D:6      | Reached XP level 9. HP: 37/37 MP: 10/10
  5165 | D:6      | Noticed Sigmund
  5475 | D:6      | Killed Sigmund
  5602 | D:7      | You fall into a shaft and drop 3 floors!
  5602 | D:10     | Entered Level 10 of the Dungeon
  5608 | D:10     | Reached skill level 10 in Unarmed Combat
  5869 | D:9      | Noticed a kobold demonologist
  5946 | D:9      | Found the +8 trishula "Condemnation" {holy, anguish, *Noise
                  | Fly rN+}
  6064 | D:8      | Reached skill level 1 in Evocations
  6230 | D:8      | Reached XP level 10. HP: 42/42 MP: 11/11
  6325 | D:7      | Reached skill level 10 in Dodging
  6444 | D:7      | Reached skill level 10 in Stealth
  6451 | D:7      | Identified the +9 short sword "Vucey" {elec, rC+ Str+4
                  | SInv}
  6649 | D:7      | Reached **** piety under Trog
  6679 | D:7      | Found a transporter.
  6684 | D:7      | Found a transporter.
  6684 | D:7      | Noticed xzight's ghost (novice HOFi)
  6777 | D:7      | Found an iron altar of Okawaru.
  6998 | D:8      | Found a runed translucent door.
  7005 | D:8      | Found a shimmering altar of Xom.
  7005 | D:8      | Noticed dornbeast's ghost (novice DrRe)
  7006 | D:8      | Noticed a +2 spear of chaos
  7805 | D:10     | Noticed Erica
  7816 | D:10     | Killed Erica
  7817 | D:10     | Reached skill level 5 in Fighting
  7991 | D:10     | Noticed Gastronok
  8033 | D:10     | Found a shadowy altar of Dithmenos.
  8301 | D:10     | Found a portal to a secret trove of treasure.
  8385 | D:10     | Killed Gastronok
  8386 | D:10     | Reached skill level 5 in Evocations
  8386 | D:10     | Reached XP level 11. HP: 35/48 MP: 12/12
  8936 | D:11     | Found the +2 ratskin cloak {*Rats rPois rN+ Str-1 Int-1
                  | Dex+1}
  9024 | D:11     | Found a stormy altar of Qazlal.
  9146 | D:11     | Noticed a two-headed ogre
  9153 | D:11     | Killed a two-headed ogre
  9158 | D:11     | Found Vimeuvvu's Magic Scroll Shop.
  9164 | D:11     | Bought a scroll of poison for 52 gold pieces
  9198 | D:11     | Found a staircase to the Lair.
 10104 | D:12     | Found a shimmering altar of Xom.
 10105 | D:12     | Noticed a two-headed ogre
 10106 | D:12     | Noticed a two-headed ogre
 10111 | D:12     | Killed a two-headed ogre
 10274 | D:12     | Noticed a boulder beetle
 10278 | D:12     | Killed a boulder beetle
 10692 | D:12     | Noticed a purple ugly thing
 10694 | D:12     | Killed a purple ugly thing
 10742 | D:12     | Gained mutation: Your thick and shaggy fur keeps you warm.
                  | (AC +3, rC+) [Felid growth]
 10742 | D:12     | Reached XP level 12. HP: 30/54 MP: 13/13
 10865 | D:12     | Reached ***** piety under Trog
 10937 | D:12     | Killed a two-headed ogre
 10979 | D:12     | Noticed a two-headed ogre
 11002 | D:12     | Noticed a boulder beetle
 11013 | D:12     | Killed a boulder beetle
 11204 | Lair:1   | Entered Level 1 of the Lair of Beasts
 12654 | Lair:2   | Found a hole to the Spider Nest.
 12919 | Lair:2   | You fall into a shaft and drop 1 floor!
 12974 | Lair:3   | Noticed Fannar
 12981 | Lair:3   | Killed Fannar
 12982 | Lair:3   | Reached skill level 15 in Unarmed Combat
 12982 | Lair:3   | Noticed an eight-headed hydra
 12988 | Lair:3   | Killed an eight-headed hydra
 13016 | Lair:3   | Noticed an eight-headed hydra
 13021 | Lair:3   | Reached XP level 13. HP: 16/59 MP: 14/14
 13293 | D:11     | Bought a scroll of acquirement for 676 gold pieces
 13293 | D:11     | Bought a scroll of teleportation for 39 gold pieces
 13293 | D:11     | Acquired the amulet "Tifuan" {Spirit Regen+ MP+9}
 13552 | Lair:2   | Found a staircase to the Shoals.
 14366 | Lair:3   | Reached skill level 15 in Stealth
 14959 | Lair:4   | Found a frozen archway.
 15043 | IceCv    | Entered an ice cave
 16400 | Lair:4   | Reached XP level 14. HP: 65/65 MP: 15/15
 16622 | Lair:5   | Entered Level 5 of the Lair of Beasts
 16681 | Lair:5   | Reached skill level 10 in Fighting
 16919 | Lair:5   | Acquired a manual of Dodging
 17452 | Lair:5   | Noticed Kirke
 17897 | Lair:5   | Reached skill level 15 in Dodging
 18176 | Lair:5   | Killed Kirke
 18768 | Lair:5   | Found a viscous altar of Jiyva.
 18769 | Lair:5   | Found a staircase to the Slime Pits.
 19795 | D:12     | Found a staircase to the Orcish Mines.
 19803 | D:12     | Reached ****** piety under Trog
 20301 | D:13     | Reached XP level 15. HP: 69/69 MP: 16/16
 21116 | D:13     | Noticed Urug
 21119 | D:13     | Killed Urug
 21538 | D:15     | Entered Level 15 of the Dungeon
 21538 | D:15     | Found a runed translucent gate.
 21621 | D:14     | Found a large runed translucent door.
 21621 | D:14     | Found a large runed translucent door.
 22875 | D:15     | Found a runed translucent gate.
 22954 | Orc:1    | Entered Level 1 of the Orcish Mines
 23217 | Orc:2    | Entered Level 2 of the Orcish Mines
 23221 | Orc:2    | Found Sopneqenee's Antique Armour Shop.
 23271 | Orc:1    | Noticed Blork the orc
 23280 | Orc:1    | Killed Blork the orc
 23329 | Orc:2    | Found Cohodd's Jewellery Shoppe.
 23600 | Orc:2    | Found a staircase to the Elven Halls.
 23889 | Orc:2    | Found a dark tunnel.
 23896 | Volcano  | Entered a volcano
 24099 | Volcano  | Found a burning altar of Makhleb.
 24623 | Orc:2    | Found Qoproopn's General Store.
 24631 | Orc:2    | Bought a potion of curing for 39 gold pieces
 24631 | Orc:2    | Bought a potion of haste for 130 gold pieces
 24631 | Orc:2    | Bought a scroll of identify for 26 gold pieces
 24701 | Orc:2    | Found Nublin's Antique Weapon Boutique.
 24816 | Orc:2    | Found Izoischy's General Store.
 24825 | Orc:2    | Bought a potion of lignification for 39 gold pieces
 25365 | D:15     | Found a runed translucent gate.
 25366 | D:15     | Noticed Yvvazola's ghost (journeyman GrWn)
 25596 | D:15     | Identified the amulet "Urullel" {Faith rF+ Will+ Regen+
                  | Str+4}
 25885 | D:15     | Found a staircase to the Depths.
 25905 | D:15     | Reached XP level 16. HP: 73/73 MP: 17/17
 26504 | D:7      | Killed xzight's ghost
 26655 | D:8      | Killed dornbeast's ghost
 27116 | Orc:2    | Bought a ring of poison resistance for 300 gold pieces
 27276 | Spider:1 | Entered Level 1 of the Spider Nest
 27277 | Spider:1 | Noticed Josephine
 27304 | Lair:2   | Killed Josephine
 27676 | Spider:1 | Noticed Rupert
 28627 | Spider:2 | Killed Rupert
 29153 | Spider:2 | Noticed Donald
 29160 | Spider:2 | Killed Donald
 29832 | Spider:4 | Entered Level 4 of the Spider Nest
 30926 | Spider:4 | Reached XP level 17. HP: 67/78 MP: 17/18
 31418 | Spider:4 | Reached skill level 10 in Evocations
 31446 | Spider:4 | Identified the +1 hat of Anarchy {Will+ Dex+2 Slay+4}
 32291 | Spider:4 | Got a gossamer rune of Zot
 32557 | Shoals:1 | Entered Level 1 of the Shoals
 33766 | Shoals:2 | Found Fuyx's Firing Range.
 34443 | Shoals:3 | Noticed Bai Suzhen
 34471 | Shoals:3 | Killed Bai Suzhen
 34933 | Shoals:3 | Noticed a kraken
 34940 | Shoals:3 | Killed a kraken
 34979 | Shoals:3 | Noticed a kraken
 34988 | Shoals:3 | Killed a kraken
 35019 | Shoals:3 | Reached XP level 18. HP: 82/84 MP: 16/19
 35453 | Shoals:4 | Entered Level 4 of the Shoals
 35528 | Shoals:4 | Noticed Polyphemus
 35695 | Shoals:4 | Got a barnacled rune of Zot
 36418 | Shoals:4 | Killed Polyphemus
 36808 | Shoals:4 | Identified the +7 sling "Utwai" {freeze, rF+ MP+9 Str-4
                  | Dex+4}
 36927 | Shoals:4 | Found the +8 arc blade {discharge, rElec}
 37399 | Elf:1    | Entered Level 1 of the Elven Halls
 37816 | Elf:1    | Noticed a Brimstone Fiend
 37858 | Elf:1    | Noticed a Hell Sentinel
 37860 | Elf:1    | Noticed a Brimstone Fiend
 37942 | Elf:1    | Noticed a Tzitzimitl
 38846 | Elf:2    | Found Rarum's Antique Weapon Shop.
 38882 | Elf:2    | Killed from afar by a deep elf knight
 38883 | Elf:2    | Reached XP level 17. HP: 0/81 MP: 0/27
 38917 | Elf:2    | Demolished by a +3 dire flail of protection
 38918 | Elf:2    | Reached XP level 16. HP: -15/117 MP: 0/26
 38918 | Elf:2    | Reached XP level 17. HP: 81/81 MP: 18/18
 39604 | Elf:2    | Reached XP level 18. HP: 85/85 MP: 19/19
 39618 | Elf:2    | Found a runed translucent gate.
 39619 | Elf:2    | Found a runed translucent gate.
 39619 | Elf:2    | Found a runed translucent gate.
 39746 | Elf:3    | Entered Level 3 of the Elven Halls
 41307 | Elf:3    | Noticed a Tzitzimitl
 41709 | Elf:3    | Identified the +6 short sword "Osmirau" {vamp, rElec rF+
                  | rN++}
 41999 | Elf:3    | Noticed a Brimstone Fiend
 42195 | Elf:3    | Identified the +8 arbalest "Ytir" {drain, Str+4}
 42203 | Elf:3    | Identified the +6 scale mail of Bufinn {rF- Regen+ Dex+4}
 42510 | Depths:1 | Entered Level 1 of the Depths
 42510 | Depths:1 | Found a gateway to Hell.
 42874 | D:13     | Found a gate to the Vaults.
 42894 | Vaults:1 | Entered Level 1 of the Vaults
 43064 | Vaults:1 | Reached XP level 19. HP: 72/91 MP: 20/20
 44367 | Vaults:2 | Found a staircase to the Crypt.
 44417 | Vaults:2 | Found a magical portal.
 44426 | WizLab   | Entered Alistair's Party Mansion
 44581 | WizLab   | Reached skill level 15 in Fighting
 44840 | WizLab   | Acquired the ring of the Trout {rElec Will+}
 45206 | Vaults:2 | Reached XP level 20. HP: 97/97 MP: 21/21
 45921 | Vaults:2 | Identified the +7 morningstar of Kifefum {flame, Str+5}
 46525 | Vaults:3 | Reached XP level 21. HP: 100/100 MP: 22/22
 47154 | Vaults:3 | Reached skill level 27 in Unarmed Combat
 47420 | Vaults:3 | Identified the +1 ring mail of Qieling {rElec rCorr Str+2}
 48366 | Vaults:4 | Found Puzaeme's Antique Weapon Boutique.
 48643 | Vaults:4 | Found Suho's Weapon Shop.
 48654 | Vaults:4 | Found Elin's Armour Shoppe.
 49638 | Vaults:4 | Found Xetruol's Distillery.
 49646 | Vaults:4 | Bought a potion of haste for 140 gold pieces
 49646 | Vaults:4 | Bought a potion of magic for 112 gold pieces
 49646 | Vaults:4 | Bought a potion of curing for 42 gold pieces
 49646 | Vaults:4 | Bought a potion of mutation for 112 gold pieces
 49646 | Vaults:4 | Bought a potion of mutation for 112 gold pieces
 49646 | Vaults:4 | Bought a potion of mutation for 112 gold pieces
 50202 | Vaults:4 | Identified the +3 bardiche "Heig" {flame, rElec Dex+3}
 50215 | Vaults:4 | Identified the +9 quarterstaff "Oreyrph" {vorpal, rN+}
 50257 | Vaults:4 | Identified the ring "Resat" {rF+++ rN+ rCorr Str-5 Int+3}
 50369 | Vaults:5 | Entered Level 5 of the Vaults
 50428 | Vaults:5 | Reached XP level 22. HP: 106/106 MP: 23/23
 50449 | Vaults:5 | Noticed an ancient lich
 50457 | Vaults:5 | Killed an ancient lich
 50885 | Vaults:5 | Noticed a dread lich
 51150 | Vaults:5 | Identified the +1 great sword of Indomitability {vorpal,
                  | rN+}
 51153 | Vaults:5 | Identified the +9 trident of Fortitude {elec, Dex+4}
 51168 | Vaults:5 | HP: 1/106 [vault guard/+0 long sword (8)]
 51291 | Vaults:5 | Got a silver rune of Zot
 51296 | Vaults:5 | Identified the +3 helmet of Amunis {rElec rPois rF+ Int-2}
 51550 | Vaults:5 | HP: 5/103 [disintegration (71)]
 51554 | Vaults:5 | Killed from afar by a lich
 51555 | Vaults:5 | Reached XP level 21. HP: -18/99 MP: 0/31
 51620 | Vaults:5 | Reached skill level 15 in Evocations
 51665 | Vaults:5 | Noticed a golden dragon
 51681 | Vaults:5 | Killed a golden dragon
 52270 | Vaults:5 | Identified the amulet of Suspicion {Reflect +Inv Int+5
                  | Dex-2 SH+5}
 52373 | Vaults:5 | Noticed a dread lich
 52592 | Vaults:5 | Killed a dread lich
 52882 | Vaults:5 | Found Gegoraf's Jewellery Boutique.
 52968 | Vaults:5 | Noticed a golden dragon
 52983 | Vaults:5 | Killed a golden dragon
 53434 | Vaults:5 | Noticed a dread lich
 53449 | Vaults:5 | Killed a dread lich
 53587 | Vaults:5 | Reached XP level 22. HP: 109/109 MP: 23/23
 54073 | Slime:1  | Entered Level 1 of the Pits of Slime
 54101 | Slime:1  | Reached XP level 23. HP: 89/112 MP: 23/24
 55022 | Slime:5  | Entered Level 5 of the Pits of Slime
 55129 | Slime:5  | Noticed the Royal Jelly
 55536 | Slime:5  | Found a viscous altar of Jiyva.
 55555 | Slime:5  | Killed the Royal Jelly
 55556 | Slime:5  | Mangled by a rockslime
 55557 | Slime:5  | Reached XP level 22. HP: -9/110 MP: 0/32
 55680 | Slime:5  | Gained mutation: Your mind is acute. (Int +4, Str/Dex -1)
                  | [a shining eye]
 55684 | Slime:5  | Lost mutation: Your mind is acute. (Int +4, Str/Dex -1) [a
                  | shining eye]
 55887 | Slime:5  | Identified the ring "Idius" {Wiz rElec Str+2}
 55905 | Slime:5  | Got a slimy rune of Zot
 55938 | Slime:5  | Identified the ring "Ziargh" {rC+ Int+4 Dex+2}
 56425 | Depths:1 | Found a runed translucent door.
 56425 | Depths:1 | Noticed logorrheac's ghost (journeyman MiBe)
 56951 | Depths:1 | Found a one-way gate to the infinite horrors of the Abyss.
 57021 | Depths:1 | Noticed Saint Roka
 57039 | Depths:1 | Killed Saint Roka
 57242 | Depths:1 | Found a sacrificial altar of Ru.
 58402 | Depths:2 | Reached XP level 23. HP: 116/116 MP: 24/24
 58990 | Depths:2 | Found a one-way gate leading to the halls of Pandemonium.
 59281 | Depths:2 | Found a hide-covered altar of Uskayaw.
 59297 | Depths:2 | Reached skill level 27 in Stealth
 59554 | Depths:2 | Found a one-way gateway to a ziggurat.
 59803 | Depths:4 | Entered Level 4 of the Depths
 59871 | Depths:3 | Found a radiant altar of Vehumet.
 59921 | Depths:3 | Identified the +1 falchion "Impbane" {drain, *Corrode rElec
                  | Stlth+}
 60835 | Depths:2 | Reached skill level 27 in Dodging
 61598 | Depths:3 | Gained mutation: You are clumsy. (Dex -2) [a shining eye]
 61770 | Depths:3 | Noticed a juggernaut
 61784 | Depths:3 | Killed a juggernaut
 62654 | Depths:4 | Found a gate to the Realm of Zot.
 63245 | Depths:4 | Reached XP level 24. HP: 120/126 MP: 24/24
 63967 | Depths:4 | Noticed Louise
 63975 | Depths:4 | Killed Louise
 64319 | Zot:1    | Entered Level 1 of the Realm of Zot
 64379 | Zot:1    | You fall into a shaft and drop 1 floor!
 65344 | Zot:1    | HP: 4/127 [tentacled monstrosity (7)]
 68154 | Zot:4    | Noticed an orb of fire
 68672 | Zot:4    | Found a transporter.
 68782 | Zot:4    | Gained mutation: You are frail. (-10% HP) [an orb of fire]
 68786 | Zot:4    | Killed an orb of fire
 68938 | Zot:4    | Lost mutation: You have a pair of small horns on your head.
                  | [potion of mutation]
 68938 | Zot:4    | Lost mutation: You are frail. (-10% HP) [potion of
                  | mutation]
 68938 | Zot:4    | Lost mutation: You are clumsy. (Dex -2) [potion of
                  | mutation]
 68938 | Zot:4    | Lost mutation: Your spells are a little easier to cast, but
                  | a little less powerful. [potion of mutation]
 68938 | Zot:4    | Gained mutation: You occasionally lose the ability to read
                  | scrolls when taking damage. [potion of mutation]
 68938 | Zot:4    | Gained mutation: You have an increased reservoir of magic.
                  | (+10% MP) [potion of mutation]
 68939 | Zot:4    | Lost mutation: You have an increased reservoir of magic.
                  | (+10% MP) [potion of mutation]
 68939 | Zot:4    | Lost mutation: You occasionally lose the ability to read
                  | scrolls when taking damage. [potion of mutation]
 68939 | Zot:4    | Gained mutation: You have hidden genetic potential. [potion
                  | of mutation]
 68939 | Zot:4    | Gained mutation: You are agile. (Dex +4, Str/Int -1)
                  | [potion of mutation]
 68939 | Zot:4    | Gained mutation: Your flesh is heat resistant. (rF+)
                  | [potion of mutation]
 69202 | Zot:4    | Found a transporter.
 69388 | Zot:5    | Entered Level 5 of the Realm of Zot
 71284 | Zot:5    | Noticed a Killer Klown
 71341 | Zot:5    | Reached XP level 25. HP: 117/135 MP: 24/24
 71900 | Zot:5    | Noticed an ancient lich
 72172 | Zot:5    | Killed an ancient lich
 72499 | Zot:5    | Noticed an ancient lich
 72512 | Zot:5    | Killed an ancient lich
 72575 | Zot:5    | Noticed a Killer Klown
 73113 | Zot:5    | Noticed an ancient lich
 73119 | Zot:5    | Killed a Killer Klown
 73124 | Zot:5    | Killed an ancient lich
 73325 | Zot:5    | Noticed an orb of fire
 73326 | Zot:5    | Gained mutation: You sometimes lose your temper in combat.
                  | [an orb of fire]
 73337 | Zot:5    | Lost mutation: You are agile. (Dex +4, Str/Int -1) [an orb
                  | of fire]
 73340 | Zot:5    | Killed an orb of fire
 73340 | Zot:5    | Noticed an orb of fire
 73431 | Zot:5    | Gained mutation: You are clumsy. (Dex -2) [an orb of fire]
 73433 | Zot:5    | Killed an orb of fire
 73505 | Zot:5    | Noticed an orb of fire
 73514 | Zot:5    | Noticed an orb of fire
 73515 | Zot:5    | Killed an orb of fire
 73523 | Zot:5    | Lost mutation: You are clumsy. (Dex -2) [an orb of fire]
 73524 | Zot:5    | Gained mutation: You have an uncontrollable temper. [an orb
                  | of fire]
 73527 | Zot:5    | Killed an orb of fire
 73704 | Depths:4 | Lost mutation: You have hidden genetic potential. [potion
                  | of mutation]
 73704 | Depths:4 | Lost mutation: You are strong-willed. (Will+) [potion of
                  | mutation]
 73704 | Depths:4 | Gained mutation: Your body sometimes deteriorates upon
                  | taking damage. [potion of mutation]
 73704 | Depths:4 | Gained mutation: You passively dampen the noise of your
                  | surroundings. [potion of mutation]
 73705 | Depths:4 | Lost mutation: Your body sometimes deteriorates upon taking
                  | damage. [potion of mutation]
 73705 | Depths:4 | Lost mutation: You passively dampen the noise of your
                  | surroundings. [potion of mutation]
 73705 | Depths:4 | Gained mutation: You occasionally lose the ability to read
                  | scrolls when taking damage. [potion of mutation]
 73705 | Depths:4 | Gained mutation: Your muscles are strong. (Str +4, Int/Dex
                  | -1) [potion of mutation]
 73705 | Depths:4 | Gained mutation: You expend magic power (3 MP) to
                  | strengthen your wands. [potion of mutation]
 73706 | Depths:4 | Lost mutation: Your muscles are strong. (Str +4, Int/Dex
                  | -1) [potion of mutation]
 73706 | Depths:4 | Lost mutation: You occasionally lose the ability to read
                  | scrolls when taking damage. [potion of mutation]
 73706 | Depths:4 | Gained mutation: You are clumsy. (Dex -2) [potion of
                  | mutation]
 73706 | Depths:4 | Gained mutation: You are partially covered in iridescent
                  | scales. (AC +2) [potion of mutation]
 73707 | Depths:4 | Lost mutation: You are partially covered in iridescent
                  | scales. (AC +2) [potion of mutation]
 73707 | Depths:4 | Lost mutation: You have an uncontrollable temper. [potion
                  | of mutation]
 73707 | Depths:4 | Gained mutation: Your body sometimes deteriorates upon
                  | taking damage. [potion of mutation]
 73707 | Depths:4 | Gained mutation: You are strong-willed. (Will+) [potion of
                  | mutation]
 73707 | Depths:4 | Lost mutation: You sometimes lose your temper in combat.
                  | [potion of mutation]
 73894 | Zot:5    | Noticed an orb of fire
 73906 | Zot:5    | Killed an orb of fire
 73937 | Zot:5    | Killed a Killer Klown
 74254 | Zot:5    | Noticed an orb of fire
 74288 | Zot:5    | Killed an orb of fire
 74997 | Zot:5    | Noticed an orb of fire
 74998 | Zot:5    | Noticed an orb of fire
 75003 | Zot:5    | Noticed a Killer Klown
 75004 | Zot:5    | Gained mutation: You are weak. (Str -2) [an orb of fire]
 75737 | Zot:5    | Noticed an orb of fire
 75757 | Zot:5    | Killed an orb of fire
 76045 | Zot:5    | Gained mutation: You occasionally lose the ability to drink
                  | potions when taking damage. [an orb of fire]
 76050 | Zot:5    | Killed an orb of fire
 76165 | Zot:5    | Got the Orb of Zot
 76381 | Depths:4 | Noticed Keblacs the pandemonium lord
 76410 | Depths:2 | Noticed Hunlen the pandemonium lord
 76421 | Depths:2 | Paralysed by you for 2 turns
 76431 | Depths:2 | Paralysed by you for 2 turns
 76434 | Depths:2 | Slain by a lich
 76435 | Depths:2 | Reached XP level 24. HP: -1/130 MP: 0/33
 76863 | D:$      | Escaped with the Orb!

Illustrated notes

Levels and vault maps discovered:
D:1:      lemuel_arrival_muddy, layout_basic
D:2:      layout_basic, basic_altar, fountainhead, nicolae_figureground_sparkle
D:3:      layout_loops_ring, serial_shops, nicolae_diamond_shop, uniq_natasha
D:4:      kennysheep_six_static_rooms, layout_rooms, minitemple, uniq_eustachio
D:5:      kennysheep_steamy, layout_rooms, zin_purify, minmay_temple_entry_mist,
          hangedman_decor_riveting, kennysheep_generic_room_10
D:6:      layout_rooms, uniq_pikel, uniq_maggie, uniq_sigmund
D:7:      layout_loops_ring, kennysheep_okawaru_gauntlet, gammafunk_ghost_hive
D:8:      layout_basic, ebering_ghost_xom, chequers_serial_rivers_micro_d
D:9:      layout_loops_ring
D:10:     layout_roguey, nicolae_dithmenos_shadow_blocks,
          nicolae_trove_entry_crystal, uniq_erica, uniq_gastronok
D:11:     layout_cave_pods, hellmonk_lair_entry_icy, serial_shops,
          kennysheep_little_box, grunt_qazlal_clouds
D:12:     layout_roguey [special_room_orc], zombieorc2_lemuel,
          xom_confusion_cloud
D:13:     layout_basic, grunt_vaults_entry_fortified, uniq_urug
D:14:     layout_cave_pods, small_statue_alley_a, special_room
          [special_room_bee], lightli_elemental_guards
D:15:     grunt_enter_depths_hoard, layout_rooms, gammafunk_ghost_split,
          minmay_misc_feat_enclosed
Lair:1:   layout_gridlike
Lair:2:   layout_concentric_octagons, minmay_shoals_entry_beasts,
          spider_nest_entry_rubble, chequers_serial_rivers_micro_e
Lair:3:   beast_lair_carwin_large_2, layout_concentric_octagons, uniq_fannar
Lair:4:   layout_long_grid, portal_ice_cave_rime, st_stairs_6,
          lemuel_fruit_tree, lemuel_fruit_fields, infiniplex_staircase_pool_2
Lair:5:   minmay_lair_end_enchanted_forest, layout_gridlike,
          dpeg_slime_entry_enclosed, grunt_forest_large_clearings,
          lemuel_fruit_fields, uniq_kirke
Shoals:1: layout_shoals
Shoals:2: layout_shoals, nicolae_shop_firing_range
Shoals:3: layout_shoals, uniq_bai_suzhen
Shoals:4: shoals_end_simple, layout_shoals, nicolae_shoals_cliffside_cave,
          nicolae_shoals_shepherds, uniq_polyphemus
Spider:1: layout_spider_delve, uniq_josephine, uniq_rupert
Spider:2: layout_cave_pods, uniq_donald
Spider:3: layout_spider_delve, guppyfry_spider_mini_1
Spider:4: guppyfry_spider_rune, special_room, hangedman_spider_tarantella_strand
Slime:1:  layout_caves, basic_altar
Slime:2:  layout_caves
Slime:3:  layout_caves, nicolae_slime_phagocytosis
Slime:4:  layout_caves
Slime:5
Orc:1:    layout_caves, sword_in_stone
Orc:2:    grunt_orc_gardens, layout_caves, grunt_orc_garden, grunt_orc_garden,
          grunt_orc_garden, grunt_orc_garden, serial_shops, nicolae_shop_stone,
          nicolae_volcano_entry_two_sided, hellmonk_bongcloud_opening
Elf:1:    eino_elf_arrival_shootout, layout_loops_cross, minmay_elf_demonology,
          einodemon_armed_red_devil_minivault
Elf:2:    nicolae_elf_blades_crystal_corner, layout_loops_corners, serial_shops,
          shop_fountains, eino_tiny_chamber, grunt_megastairs_4
Elf:3:    minmay_elf_hall_four_x, layout_geoelf_diagonals
Vaults:1: vaults_standard_mumra_lines, v_misc_11, nicolae_vaults_big_ls,
          hangedman_vaults_nails, grunt_vaults_focal,
          nicolae_vaults_ring_of_whatevers, dpeg_vaults_monster_box,
          nicolae_vaults_three_branches, vaults_dpeg_diagonal,
          layout_vaults_big_room
Vaults:2: mu_enter_wizlab_6, minmay_crypt_entry_simple_corners, v_misc_10,
          ontoclasm_vaults_claustrophobia, vaults_room_pool,
          ontoclasm_vaults_shuriken, hangedman_vaults_nodes, v_misc_14,
          vaults_room_grid, v_misc_24, ontoclasm_vaults_pinch,
          nicolae_vaults_little_squares_3, nicolae_vaults_mini_display_case,
          nicolae_vaults_ring_of_whatevers, vaults_room_ringed_pool,
          vaults_room_large_hall, v_misc_5, grunt_vaults_swirl, v_alt_pattern_4,
          hangedman_vaults_snaps, layout_vaults_maze_bifur
Vaults:3: hangedman_vaults_stream, nicolae_vaults_shelves_hall,
          hangedman_vaults_stretched_pinwheel, grunt_vaults_diagonal, v_rooms_4,
          vaults_room_door_hall, st_cells, v_misc_31,
          nicolae_vaults_big_angled_halls, ontoclasm_vaults_twist,
          layout_vaults_omnigrid
Vaults:4: st_greater_box_4, nicolae_vaults_triangles,
          vaults_standard_mumra_enter_the_diamond, v_misc_13, v_misc_13,
          v_misc_13, v_rooms_3, vaults_room_door_hall,
          nicolae_vaults_little_squares_1, vaults_room_hallway,
          layout_vaults_omnicross, serial_shops, nicolae_shop_trees, shop,
          nicolae_shop_trees, shop
Vaults:5
Depths:1: layout_small_grid, abyss_entry_crystal, hangedman_coc_ice_floe,
          ebering_ghost_inner_flame, nicolae_ru_sacrificial_ziggurat,
          grunt_megastairs_3, firewood_loft, uniq_saint_roka
Depths:2: nzn_winding_woodlands_stair_trap [nzn_winding_woodlands_5x15_parted,
          nzn_winding_woodlands_5x15_longhouse,
          nzn_winding_woodlands_5x15_crooked,
          nzn_winding_woodlands_15x15_boxy_spiral,
          nzn_winding_woodlands_5x15_pockets, nzn_winding_woodlands_5x15_twine,
          nzn_winding_woodlands_5x15_jagged], layout_gridlike, enter_ziggurat_e,
          rand_demon_pan_entry_9, abyss_entry, hell_entry,
          minmay_misc_feat_diagonals, nicolae_uskayaw_murder_on_the_dancefloor,
          infiniplex_staircase_spiral_double
Depths:3: minmay_nested_s, layout_twisted_cross, pan_entry, fiery_altar_vehumet,
          nicolae_hell_entry_hellmouth_sunbeams, abyss_entry_small_statue_room,
          minmay_staircase_bubble
Depths:4: grunt_twist_and_shout, layout_gridlike, nrook_mini_vaults, hell_entry,
          nicolae_abyss_entry_one_way_or_another, serial_bayou,
          serial_bayou_ford_a, serial_bayou_shore_a, serial_bayou_crossing,
          serial_bayou_pond_a, st_stairs_7, uniq_margery
Zot:1:    layout_cathedral_of_symmetry
Zot:2:    layout_basic, bh_zot_lava_cross, st_stairs_4
Zot:3:    layout_gridville
Zot:4:    gammafunk_its_a_trap, layout_concentric_octagons, grunt_megastairs_1
Zot:5:    layout_misc_corridors

Skill      XL: |  1  2  3  4  5  6  7  8  9 10 11 12 13 14 15 16 17 18 19 20 21 22 23 24 25 |
---------------+----------------------------------------------------------------------------+-----
Stealth        | 1 2 4 5 6 8 9 11 13 14 15 17 19 20 22 24 26 27 | 27.0
Unarmed Combat | 4 5 6 7 9 10 12 13 15 16 17 19 23 22 24 25 26 27 | 27.0
Dodging        | 5 6 7 8 9 10 11 12 15 18 20 22 24 26 27 | 27.0
Evocations     | 1 5 6 8 9 11 13 15 16 19 | 19.2
Fighting       | 5 7 8 9 10 11 12 14 15 17 19 21 24 25 | 25.8

Action                   |  1- 3 |  4- 6 |  7- 9 | 10-12 | 13-15 | 16-18 | 19-21 | 22-24 | 25-27 || total
-------------------------+-------+-------+-------+-------+-------+-------+-------+-------+-------++-------
Melee: Unarmed           |    67 |   135 |   195 |   480 |  1418 |  1615 |  1167 |  1906 |   363 ||  7346
       Bite              |     9 |     9 |    20 |    59 |   190 |   219 |   205 |   397 |    73 ||  1181
       Headbutt          |       |    11 |    44 |   101 |   351 |   369 |   356 |   618 |       ||  1850
       Punch             |       |     3 |     7 |    51 |   171 |   221 |   265 |   521 |    97 ||  1336
Invok: Berserk           |     1 |     7 |     6 |     9 |    20 |    34 |    13 |    16 |    10 ||   116
       Brothers in Arms  |       |       |       |     3 |     4 |     9 |    11 |    17 |     6 ||    50
       Trog's Hand       |       |       |       |     1 |       |     1 |     2 |     4 |       ||     8
Evoke: Wand              |       |       |       |     3 |     7 |    14 |     4 |     7 |    15 ||    50
       Condenser vane    |       |       |       |     1 |     4 |     5 |     5 |     7 |     2 ||    24
       Lightning rod     |       |       |       |       |     5 |     4 |       |       |       ||     9
       Box of beasts     |       |       |       |       |     1 |     3 |     2 |     3 |     3 ||    12
       Phial of floods   |       |       |       |       |       |     1 |       |     1 |       ||     2
       Tin of tremorston |       |       |       |       |       |     5 |     1 |     4 |       ||    10
       Phantom mirror    |       |       |       |       |       |       |       |     1 |     1 ||     2
  Use: Potion            |       |     4 |       |     2 |       |     5 |     4 |    10 |     8 ||    33
       Scroll            |       |     3 |     4 |     8 |    11 |     9 |     5 |     9 |     6 ||    55
 Stab: Sleeping          |     7 |     5 |     8 |    24 |    42 |   100 |    53 |    53 |       ||   292
       Distracted        |       |       |     2 |     3 |    18 |    10 |    18 |    27 |     5 ||    83
       Held in net/web   |       |       |       |     1 |       |       |       |       |       ||     1
       Paralysed         |       |       |       |       |     1 |     2 |       |       |       ||     3
       Invisible         |       |       |       |       |       |     1 |       |       |       ||     1
       Petrified         |       |       |       |       |       |     5 |       |       |       ||     5
       Petrifying        |       |       |       |       |       |     2 |       |       |       ||     2
       Confused          |       |       |       |       |       |       |     1 |       |       ||     1
Armor: Skin              |     3 |    23 |    14 |    42 |   115 |    97 |    41 |    52 |     4 ||   391
Dodge: Dodged            |    37 |   109 |   145 |   369 |  1336 |  1667 |   778 |  1633 |   253 ||  6327

Table legend: (Time is in decaauts)
 A = Elapsed time spent in this place.
 B = Non-inter-level travel time spent in this place.
 C = Inter-level travel time spent in this place.
 D = Time resting spent in this place.
 E = Time spent auto-exploring this place.
 F = Levels seen in this place.
 G = Mean time per level.
                   A        B        C        D        E       F      G
               +--------+--------+--------+--------+--------+-----+--------+
         Total |  66223 |  61474 |   4749 |  19630 |  25056 |  55 | 1204.1 |
       Dungeon |  15752 |  13839 |   1913 |   4051 |   6571 |  15 | 1050.1 |
          Lair |   6433 |   5692 |    741 |   1600 |   2382 |   5 | 1286.6 |
        Shoals |   3974 |   3847 |    127 |    914 |   2008 |   4 |  993.5 |
   Spider Nest |   4473 |   4275 |    198 |   1117 |   2020 |   4 | 1118.2 |
    Slime Pits |   1757 |   1566 |    191 |    547 |    430 |   5 |  351.4 |
  Orcish Mines |   2088 |   1853 |    235 |    561 |    742 |   2 | 1044.0 |
   Elven Halls |   3870 |   3708 |    162 |   1138 |   1524 |   3 | 1290.0 |
        Vaults |   8380 |   8070 |    310 |   1864 |   3699 |   5 | 1676.0 |
        Depths |   7186 |   6716 |    470 |   2099 |   2708 |   4 | 1796.5 |
           Zot |  10335 |   9936 |    399 |   5236 |   2616 |   5 | 2067.0 |
      Ice Cave |    994 |    994 |      0 |    189 |    321 |   1 |  994.0 |
       Volcano |    321 |    321 |      0 |     73 |     13 |   1 |  321.0 |
        Wizlab |    653 |    653 |      0 |    238 |     18 |   1 |  653.0 |
               +--------+--------+--------+--------+--------+-----+--------+

Top non-repeatable levels by time:
   Zot:5: 5978 daAuts
Vaults:5: 2720 daAuts
   Elf:3: 2115 daAuts
Depths:3: 2100 daAuts
Depths:4: 1998 daAuts
    D:12: 1930 daAuts
Vaults:4: 1777 daAuts
Depths:2: 1742 daAuts
    D:13: 1705 daAuts
Shoals:4: 1521 daAuts
   Orc:2: 1500 daAuts
  Lair:4: 1494 daAuts
    D:11: 1494 daAuts
  Lair:5: 1491 daAuts
    D:14: 1489 daAuts
